 Dungeon Crawl Stone Soup version 0.27-a0-811-ga052575696 (webtiles) character file.

Game seed: 7464161858272406249

67 EnegeticOcto the Ruffian (level 4, -1/44 HPs)
             Began as a Troll Warper on Mar 29, 2021.
             Slain by a bullfrog (6 damage)
             ... on level 4 of the Dungeon.
             The game lasted 00:01:40 (437 turns).

EnegeticOcto the Ruffian (Troll Warper)              Turns: 437, Time: 00:01:40

Health: -1/44      AC:  4    Str: 19    XL:     4   Next: 0%
Magic:  4/4        EV:  9    Int: 10    God:
Gold:   52         SH:  0    Dex:  9    Spells: 5/5 levels left

rFire    . . .     SeeInvis .     - Unarmed
rCold    . . .     Faith    .   (no shield)
rNeg     . . .     Spirit   .   a - +0 robe
rPois    .         Reflect  .   (helmet restricted)
rElec    .         Harm     .   (no cloak)
rCorr    .         Rampage  .   (gloves unavailable)
Will     .....                  (boots unavailable)
Stlth    +.........             (no amulet)
HPRegen  1.14/turn              (no ring)
MPRegen  0.09/turn              (no ring)

@: no status effects
A: large, unfitting armour, claws 3, regeneration 1, shaggy fur 1, tough skin 1
a: no special abilities


You were on level 4 of the Dungeon.
You visited 1 branch of the dungeon, and saw 4 of its levels.

You collected 52 gold pieces.

Inventory:

Hand Weapons
 b - a +1 hunting sling of freezing
   (You found it on level 1 of the Dungeon)
Missiles
 d - 5 boomerangs of dispersal (quivered)
 h - 6 javelins
Armour
 a - a +0 robe (worn)
Wands
 i - a wand of digging (4) {@v3}
   (You found it on level 4 of the Dungeon)
Scrolls
 c - a scroll of blinking {@r4}
 e - a scroll of enchant armour {unknown}
 f - 2 scrolls of identify {unknown}
 g - a scroll of brand weapon {unknown}
Potions
 j - a potion of brilliance {unknown}


   Skills:
 + Level 2.3 Fighting
 - Level 0.8 Throwing
 - Level 1.9 Dodging
 * Level 3.7 Unarmed Combat
 - Level 1.2 Spellcasting
 - Level 2.1 Translocations


You had 5 spell levels left.
You didn't know any spells.
Your spell library contained the following spells:

 Spells                   Type           Power      Damage    Failure   Level
 Blink                    Tloc           N/A        N/A       21%         2
 Gell's Gravitas          Tloc           2%         N/A       38%         3
 Lesser Beckoning         Tloc           2%         N/A       38%         3
 Teleport Other           Tloc           5%         N/A       38%         3
 Manifold Assault         Tloc           5%         N/A       98%         5


Dungeon Overview and Level Annotations

Branches:
Dungeon (4/15)
 Temple: D:4-7

Altars:


Innate Abilities, Weirdness & Mutations

You are too large for most types of armour.
You have claws for hands.
Your natural rate of healing is unusually fast.
You are covered in fur. (AC +1)
You have tough skin. (AC +1)


Message History

Items here: ( ) [ †.
A jackal comes into view.
j - a murky grey potion A jackal comes into view. 2 jackals come into view.
The jackal barks! x2
Found a mace.
The jackal barks!
You scratch the jackal but do no damage.
You hear a loud, deep croak!
An adder comes into view.
The jackal barely misses you.
The jackal bites you but does no damage.
The adder hisses angrily.
You scratch the jackal but do no damage.
The jackal bites you but does no damage.
You closely miss the jackal. The jackal bites you.
A bullfrog comes into view.
You scratch the jackal but do no damage.
The jackal barely misses you. The jackal bites you.
You scratch the jackal.
The jackal is almost dead.
The jackal bites you but does no damage.
The jackal bites you. The jackal barely misses you.
The jackal bites you but does no damage.
You barely miss the jackal.
The jackal is almost dead.
The jackal closely misses you. x2
The jackal bites you but does no damage.
The jackal bites you.
You claw the jackal!
You kill the jackal!
The jackal barely misses you. The jackal bites you.
The jackal bites you but does no damage.
You closely miss the adder.
The jackal bites you but does no damage.
The adder bites you but does no damage.
The jackal bites you but does no damage. x2
The jackal bites you. The adder closely misses you.
The jackal bites you but does no damage.
You claw the adder!
The adder is almost dead.
The jackal bites you.
The jackal bites you but does no damage.
The jackal bites you. The adder bites you. The jackal bites you.
You are too injured to fight recklessly!
You are too injured to fight recklessly!
You are too injured to fight recklessly!
You are too injured to fight recklessly!
You are too injured to fight recklessly!
You are too injured to fight recklessly!
You are too injured to fight recklessly!
You are too injured to fight recklessly!
You are too injured to fight recklessly!
You are too injured to fight recklessly!
You are too injured to fight recklessly!
You are too injured to fight recklessly!
You are too injured to fight recklessly!
You are too injured to fight recklessly!
You are too injured to fight recklessly!
You are too injured to fight recklessly!
You are too injured to fight recklessly!
You are too injured to fight recklessly!
You are too injured to fight recklessly!
You scratch the adder.
You kill the adder!
The jackal barely misses you.
The jackal bites you but does no damage. x2
The bullfrog hits you.
You have reached level 4!
You barely miss the bullfrog.
The jackal bites you but does no damage.
The jackal bites you.
The jackal bites you but does no damage.
The bullfrog hits you!
You barely miss the bullfrog. The jackal barely misses you.
The jackal bites you. The bullfrog hits you.
The jackal bites you but does no damage.
The jackal barely misses you. x2
The jackal bites you but does no damage.
The bullfrog hits you.
* * * LOW HITPOINT WARNING * * *
You claw the bullfrog!
The bullfrog is heavily wounded.
The jackal bites you but does no damage.
The bullfrog hits you.
* * * LOW HITPOINT WARNING * * *
The jackal bites you but does no damage.
The jackal closely misses you.
Unknown command.
You claw the bullfrog!
The bullfrog is almost dead.
The bullfrog hits you but does no damage.
The jackal bites you but does no damage.
The jackal closely misses you. The jackal bites you.
* * * LOW HITPOINT WARNING * * *
You closely miss the bullfrog.
The bullfrog is almost dead.
The bullfrog hits you.
You die...

...##....#...##........ #..
..###...##...###.....## ....
.......###....##......#..##.
...#.........)..............
.### .###.##................
.. . ###.>............... ..
###................
......h............
.......F@...........
........hh...........
...........#........#
...........#......#.#
..#......##...##. .........#
..... #........# .....
#.).......


You could see a bullfrog and 3 jackals.

Vanquished Creatures
  A centaur skeleton (D:4)
  An adder (D:4)
  A worm (D:2)
  2 ball pythons
  5 endoplasms (D:1)
  3 hobgoblins (D:1)
  3 jackals
  A quokka (D:1)
  4 bats (D:1)
  A frilled lizard (D:1)
  3 kobolds
25 creatures vanquished.

Notes
Turn   | Place    | Note
-------+----------+-------------------------------------------
     0 | D:1      | EnegeticOcto the Troll Warper began the quest for the Orb.
     0 | D:1      | Reached XP level 1. HP: 19/19 MP: 1/1
    85 | D:1      | Reached XP level 2. HP: 28/28 MP: 2/2
   248 | D:1      | Reached skill level 2 in Fighting
   297 | D:2      | Reached skill level 3 in Unarmed Combat
   387 | D:4      | Reached XP level 3. HP: 27/35 MP: 3/3
   425 | D:4      | Noticed a bullfrog
   433 | D:4      | Reached XP level 4. HP: 25/44 MP: 4/4
   437 | D:4      | Slain by a bullfrog

Illustrated notes

Levels and vault maps discovered:
D:1:      lightli_arrival_statuegarden, layout_loops_ring
D:2:      minmay_kobold_bridge, layout_loops_ring
D:3:      layout_basic, serial_shops, nicolae_shop_waterfront,
          ebering_ghost_sewer_d, minmay_misc_feat_columns, uniq_robin,
          uniq_ijyb, uniq_terence
D:4:      layout_cave_pools

Skill      XL: |  1  2 |
---------------+-------+-----
Fighting       | 2 |  2.3
Unarmed Combat | 3 |  3.7
Throwing       | |  0.8
Dodging        | |  1.9
Spellcasting   | |  1.2
Translocations | |  2.1

Action                   |  1- 3 |  4- 6 || total
-------------------------+-------+-------++-------
Melee: Unarmed           |    69 |     5 ||    74
       Punch             |     1 |       ||     1
Armor: Robe              |    43 |     8 ||    51
Dodge: Dodged            |    44 |     5 ||    49

Table legend: (Time is in decaauts)
 A = Elapsed time spent in this place.
 B = Non-inter-level travel time spent in this place.
 C = Inter-level travel time spent in this place.
 D = Time resting spent in this place.
 E = Time spent auto-exploring this place.
 F = Levels seen in this place.
 G = Mean time per level.
                   A        B        C        D        E       F      G
               +--------+--------+--------+--------+--------+-----+--------+
         Total |    433 |    425 |      8 |      0 |      0 |   4 |  108.2 |
       Dungeon |    433 |    425 |      8 |      0 |      0 |   4 |  108.2 |
               +--------+--------+--------+--------+--------+-----+--------+

Top non-repeatable levels by time:
     D:1: 287 daAuts
     D:4: 57 daAuts
     D:2: 51 daAuts
     D:3: 37 daAuts
